Map: Ascension vers Aïur EC

Players

Faithfully - Winner!

  • Race: Zerg Zerg
  • League: Gold
  • Spawn Location: 11:00

zidar

  • Race: Zerg Zerg
  • League: Gold
  • Spawn Location: 5:00

VOD

Have the link to the VOD?

Description

Time

  • Played on: June 27, 2017, 2:41 p.m.
  • Length: 5:22
Show
View Real Time Build Order
Export as new Build Order

Faithfully Zerg - Winner!

Build Orders: Pool First 

Get SALT Encoding   

  12  0:03  Drone  
  13  0:08  Drone  
  14  0:30  Overlord  
  14  0:35  Spawning Pool  
  14  0:38  Drone  
  14  0:40  Extractor  
  13  0:43  Drone  
  14  0:51  Drone  
  14  0:55  Drone  
  16  1:07  Drone  
  17  1:15  Drone  
  18  1:28  Hatchery  
  18  1:30  Zergling x2  
  18  1:44  Metabolic Boost  
  18  1:48  Queen  
  20  1:55  Overlord  
  20  1:59  Drone  
  21  2:09  Zergling x2  
  22  2:16  Zergling x2  
  23  2:32  Zergling x2  
  23  2:33  Zergling x2  
  25  2:42  Baneling Nest  
  24  2:45  Zergling x4  
  24  2:47  Queen  
  27  2:55  Spine Crawler  
  26  3:02  Zergling x8  
  24  3:14  Zergling x8  
  23  3:39  Zergling x6  
  23  3:40  Zergling x2  
  22  3:46  Baneling x3  
  22  3:52  Drone x2  
  24  4:00  Zergling x4  
  26  4:13  Queen  
  26  4:15  Zergling x4  
  29  4:29  Zergling x8  
  27  4:35  Queen  
  29  5:00  Zergling x8  
Show
View Real Time Build Order
Export as new Build Order

zidar Zerg 

Build Orders: 1 Base Baneling Bust, Pool First 

Get SALT Encoding   

  12  0:02  Drone  
  13  0:08  Drone  
  14  0:14  Extractor  
  14  0:16  Drone  
  14  0:37  Spawning Pool  
  14  0:38  Drone  
  14  0:48  Overlord  
  14  0:58  Overlord  
  14  1:24  Metabolic Boost  
  14  1:26  Queen  
  14  1:28  Zergling x2  
  14  1:31  Zergling x2  
  18  1:36  Zergling x2  
  19  1:40  Zergling x2  
  20  1:51  Zergling x2  
  21  2:01  Zergling x2  
  22  2:12  Drone  
  22  2:13  Baneling Nest  
  22  2:36  Zergling x10  
  27  2:54  Zergling x2  
  24  3:29  Zergling x2  
  24  3:30  Zergling x8  
  21  4:08  Evolution Chamber  
  20  4:12  Baneling x4  
  16  4:31  Zergling x12  
  21  4:43  Hatchery  
  21  4:44  Queen  
  22  4:48  Drone  
  23  4:55  Drone x3  
  23  4:56  Hatchery  
  23  4:57  Drone  
Tags
 
Add a new tag
Caveats
  • Supply blocks, unpowered buildings, or Contaminate may cause inaccurate times.
  • Supply counts are checked every 10 seconds.